 Dungeon Crawl Stone Soup version 0.20-a0-51-g027d3fc (webtiles) character file.

58 Faca the Shield-Bearer (level 4, -3/35 HPs)
             Began as a Formicid Fighter on Nov 16, 2016.
             Slain by hellotanjent's ghost (6 damage)
             ... on level 3 of the Dungeon.
             The game lasted 00:12:44 (1224 turns).

Faca the Shield-Bearer (Formicid Fighter)           Turns: 1224, Time: 00:12:45

Health: -3/35      AC: 13    Str: 20    XL:     4   Next: 21%
Magic:  3/3        EV:  7    Int:  8    God:
Gold:   96         SH:  9    Dex: 11    Spells: 0 memorised, 3 levels left

rFire  . . .     SeeInvis +     a - +0 war axe
rCold  . . .     Gourm    .     m - +0 pearl dragon scales (curse)
rNeg   + . .     Faith    .     c - +0 shield
rPois  .         Spirit   .     (helmet unavailable)
rElec  .         Reflect  .     k - +0 cloak
rCorr  .         Harm     +     (no gloves)
MR     .....                    (no boots)
Stlth  ..........               l - amulet of harm
                                (no ring)
                                (no ring)

@: no status effects
A: permanent stasis, dig shafts and tunnels, four strong arms, antennae 3, low
mp 1, regeneration 1, shaggy fur 1
a: Dig, Shaft Self


You were on level 3 of the Dungeon.
You were not hungry.

You visited 1 branch of the dungeon, and saw 3 of its levels.

You collected 96 gold pieces.

Inventory:

Hand Weapons
 a - a +0 war axe (weapon)
Armour
 c - a +0 shield (worn)
 k - a +0 cloak (worn)
 m - cursed +0 pearl dragon scales (worn)
Jewellery
 l - an amulet of harm (around neck)
Potions
 b - a potion of mutation
 d - a potion of might
 e - a potion of degeneration {unknown}
 j - a potion of curing {unknown}
Comestibles
 f - a bread ration
 g - a beef jerky
 h - a royal jelly


   Skills:
 + Level 3.5 Fighting
 + Level 2.6 Axes
 + Level 3.7 Armour
 + Level 4.7 Shields


You had 3 spell levels left.
You didn't know any spells.

Dungeon Overview and Level Annotations

Branches:
Dungeon (3/15)

Altars:

Annotations:
D:3 hellotanjent's ghost, amateur GrFi


Innate Abilities, Weirdness & Mutations

You are under a permanent stasis effect.
You can dig through walls and to a lower floor.
Your four strong arms can wield two-handed weapons with a shield.
You have a pair of large antennae on your head. (SInv)
Your magical capacity is low. (-10% MP)
Your natural rate of healing is unusually fast.
You are covered in fur. (AC +1)


Message History

You feel less energetic.
Hellotanjent's ghost hits you but does no damage.
You hit hellotanjent's ghost.
Hellotanjent's ghost is heavily damaged.
Hellotanjent's ghost hits you.
* * * LOW HITPOINT WARNING * * *
Hellotanjent's ghost hits you but does no damage.
You hit hellotanjent's ghost but do no damage.
Hellotanjent's ghost is heavily damaged.
You block hellotanjent's ghost's attack.
You barely miss hellotanjent's ghost.
Hellotanjent's ghost is heavily damaged.
You block hellotanjent's ghost's attack.
Hellotanjent's ghost hits you.
* * * LOW HITPOINT WARNING * * *
You hit hellotanjent's ghost but do no damage.
Hellotanjent's ghost is heavily damaged.
Hellotanjent's ghost shouts, "What do you have that I didn't have?"
Hellotanjent's ghost hits you.
You die...

#.# #.# ##.###
....# ####.#.#
#......#
..#.#..#.#.#
......†@...########
....#<.W..........#
.........########.#
####.#########<#.#
.[...........#.#
.....(........#.#
#...##########.#.#
.... ..........#
#######.###


You could see hellotanjent's ghost.

Vanquished Creatures
  2 adders
  A dart slug (D:2)
  2 leopard geckos
  5 bats
  A giant cockroach (D:1)
  4 hobgoblins (D:2)
  4 jackals (D:1)
  3 kobolds
  A quokka (D:2)
  6 goblins
  3 rats
32 creatures vanquished.

Notes
Turn   | Place    | Note
-------+----------+-------------------------------------------
     0 | D:1      | Faca the Formicid Fighter began the quest for the Orb.
     0 | D:1      | Reached XP level 1. HP: 18/18 MP: 1/1
    30 | D:1      | Reached XP level 2. HP: 22/24 MP: 2/2
    37 | D:1      | Reached skill level 4 in Shields
   440 | D:1      | Reached XP level 3. HP: 29/29 MP: 3/3
   622 | D:2      | Found a faded altar of an unknown god.
  1202 | D:3      | Noticed hellotanjent's ghost (amateur GrFi)
  1202 | D:3      | Reached XP level 4. HP: 35/35 MP: 4/4
  1220 | D:3      | Gained mutation: Your natural rate of healing is unusually fast. [potion of mutation]
  1220 | D:3      | Gained mutation: You are covered in fur. (AC +1) [potion of mutation]
  1220 | D:3      | Gained mutation: Your magical capacity is low. (-10% MP) [potion of mutation]
  1224 | D:3      | Slain by hellotanjent's ghost

Vault maps used:
D:1:      roderic_chinese_lattice_arrival
D:2:      ecumenical_altar_1, kennysheep_boxes
D:3:      first_bread, uniq_robin

Skill      XL: |  1  2 |
---------------+-------+-----
Shields        | 4 |  4.7
Fighting       | |  3.5
Axes           | |  2.6
Armour         | |  3.7

Action                   |  1- 3 |  4- 6 || total
-------------------------+-------+-------++-------
Melee: War axe           |   104 |    21 ||   125
 Abil: Dig               |     1 |       ||     1
  Use: Scroll            |     4 |       ||     4
       Potion            |       |     1 ||     1
  Eat: Royal jelly       |     1 |       ||     1
Armor: Scale mail        |    16 |       ||    16
       Chain mail        |    23 |       ||    23
       Pearl dragon scal |    13 |     9 ||    22
Dodge: Dodged            |    41 |     4 ||    45
Block: Shield            |    69 |    11 ||    80
